 Dungeon Crawl Stone Soup version 0.27-a0-797-g27d10ad80f (webtiles) character file.

Game seed: 9898984282660406582

416 sahdkjhfkaj the Chopper (level 6, -2/56 HPs)
             Began as a Minotaur Fighter on Mar 27, 2021.
             Slain by a hornet (7 damage)
             ... on level 4 of the Dungeon.
             The game lasted 00:01:15 (3932 turns).

sahdkjhfkaj the Chopper (Minotaur Fighter)          Turns: 3932, Time: 00:01:16

Health: -2/56      AC:  7    Str: 23    XL:     6   Next: 60%
Magic:  0/5        EV:  7    Int:  5    God:
Gold:   166        SH: 10    Dex:  9    Spells: 5/5 levels left

rFire    . . .     SeeInvis .   a - +0 war axe
rCold    + . .     Faith    .   c - +0 kite shield
rNeg     . . .     Spirit   +   b - +0 scale mail
rPois    .         Reflect  .   (helmet restricted)
rElec    .         Harm     .   (no cloak)
rCorr    .         Rampage  .   (no gloves)
Will     .....                  (no boots)
Stlth    ..........             l - amulet of guardian spirit
HPRegen  0.18/turn              k - ring of protection from cold
MPRegen  0.09/turn              (no ring)

@: lethally poisoned (-2 -> -15), slowed, very slow
A: horns 2, retaliatory headbutt
a: no special abilities


You were on level 4 of the Dungeon.
You visited 1 branch of the dungeon, and saw 4 of its levels.

You collected 208 gold pieces.
You spent 42 gold pieces at shops.

Inventory:

Hand Weapons
 a - a +0 war axe (weapon)
Armour
 b - a +0 scale mail (worn)
 c - a +0 kite shield (worn)
Jewellery
 g - an amulet of magic regeneration
   (You found it on level 1 of the Dungeon)
 k - a ring of protection from cold (left hand)
   (You found it on level 1 of the Dungeon)
 l - an amulet of guardian spirit (around neck)
   (You found it on level 4 of the Dungeon)
Scrolls
 e - 2 scrolls of amnesia
 f - a scroll of identify
 j - a scroll of immolation
 z - a scroll of blinking
Potions
 d - a potion of might
 h - a potion of haste
 i - a potion of ambrosia {unknown}
 m - a potion of magic {unknown}
 n - a potion of resistance
 o - a potion of flight {unknown}
 p - a potion of curing {unknown}


   Skills:
 - Level 5.0 Fighting
 + Level 6.1 Axes
 - Level 5.0 Armour
 - Level 5.0 Shields


You had 5 spell levels left.
You didn't know any spells.
Your spell library was empty.

Dungeon Overview and Level Annotations

Branches:
Dungeon (4/15)
 Temple: D:4-7

Altars:

Shops:
D:2 [   D:3 *


Innate Abilities, Weirdness & Mutations

You have a pair of horns on your head.
You reflexively headbutt those who attack you in melee.


Message History

You barely miss the phantom.
The phantom is heavily damaged.
The hornet buzzes angrily.
The phantom barely misses you. You furiously retaliate!
You headbutt the phantom, but do no damage.
The phantom hits you but does no damage.
You slash the phantom!
The phantom is almost destroyed.
The phantom hits you but does no damage.
The hornet stings you.
You feel yourself slow down.
Your shield prevents you from hitting the phantom.
Your headbutt misses the phantom.
The phantom is almost destroyed.
Your shield prevents you from hitting the hornet.
You feel yourself speed up. The hornet closely misses you.
You block the phantom's attack. The hornet stings you!
You feel yourself slow down. The phantom hits you.
The phantom blinks!
You blink.
There are monsters nearby!
There are monsters nearby!
There are monsters nearby!
There are monsters nearby!
You slash the phantom!
You destroy the phantom!
You feel yourself speed up. The hornet stings you!
You are poisoned.
You feel yourself slow down. You block the hornet's attack.
Your Axes skill increases to level 6!
You barely miss the hornet. Your headbutt misses the hornet.
You feel extremely sick. You block the hornet's attack. The hornet stings you!
* * * LOW HITPOINT WARNING * * *
You are lethally poisoned!
You feel as though you will be slow longer.
The hornet stings you.
* * * LOW HITPOINT WARNING * * *
You feel as though you will be slow longer.
The hornet stings you!
You die...

##.........##.#####
........##.##.....#####
...........##........$.
.........>.........##
......#######.....##
##....# #.....# #....##
###..## ###...# ##y#
#...# #@# #...# #.#
####...##### #.#
...........# ###
†...........
............
####...##### ##...##
#.....#


You could see a hornet.

Vanquished Creatures
  A phantom (D:4)
  A scorpion (D:4)
  A water moccasin skeleton (D:4)
  An iguana (D:4)
  A hound skeleton (D:4)
  4 gnolls (D:4)
  8 adders
  An adder skeleton (D:4)
  A worm (D:3)
  5 orcs
  A ball python (D:4)
  5 endoplasms
  9 giant cockroaches
  6 goblins
  7 hobgoblins
  4 jackals (D:3)
  7 quokkas
  4 bats
  3 frilled lizards
  9 kobolds
  7 rats
86 creatures vanquished.

Notes
Turn   | Place    | Note
-------+----------+-------------------------------------------
     0 | D:1      | sahdkjhfkaj the Minotaur Fighter began the quest for the
                  | Orb.
     0 | D:1      | Reached XP level 1. HP: 19/19 MP: 0/0
   275 | D:1      | Reached XP level 2. HP: 27/27 MP: 1/1
   962 | D:2      | Reached XP level 3. HP: 33/33 MP: 2/2
  1084 | D:2      | Found Weuzus's Armour Shoppe.
  1600 | D:3      | Reached XP level 4. HP: 41/41 MP: 3/3
  2000 | D:3      | Found Ymec's Assorted Antiques.
  2431 | D:3      | Bought a scroll labelled JOASCH OSKOQIRA for 21 gold pieces
  2431 | D:3      | Bought a scroll labelled ROCLOCEMOG for 21 gold pieces
  2498 | D:4      | Reached skill level 5 in Fighting
  2498 | D:4      | Reached skill level 5 in Armour
  2498 | D:4      | Reached skill level 5 in Shields
  2498 | D:4      | Reached XP level 5. HP: 47/48 MP: 4/4
  2563 | D:3      | Reached skill level 3 in Axes
  2803 | D:4      | HP: 1/48 [quokka (3)]
  3391 | D:4      | Reached skill level 4 in Axes
  3677 | D:4      | Reached skill level 5 in Axes
  3677 | D:4      | Reached XP level 6. HP: 56/56 MP: 5/5
  3928 | D:4      | Noticed a hornet
  3932 | D:4      | Reached skill level 6 in Axes
  3932 | D:4      | Slain by a hornet

Illustrated notes

Levels and vault maps discovered:
D:1:      dpeg_arrival_boxes_within_box, layout_rooms
D:2:      layout_basic, serial_shops, nicolae_shop_statue_plus
D:3:      layout_loops_ring, serial_shops, nicolae_shop_crystal
D:4:      layout_loops_cross, temple_doors_e, st_stairs_14

Skill      XL: |  1  2  3  4  5  6 |
---------------+-------------------+-----
Fighting       | 4 5 |  5.0
Armour         | 4 5 |  5.0
Shields        | 4 5 |  5.0
Axes           | 5 6 |  6.1

Action                   |  1- 3 |  4- 6 || total
-------------------------+-------+-------++-------
Melee: War axe           |    93 |   115 ||   208
       Headbutt          |    13 |    13 ||    26
  Use: Scroll            |     3 |     5 ||     8
Armor: Scale mail        |    37 |    49 ||    86
Dodge: Dodged            |    28 |    46 ||    74
Block: Kite shield       |    58 |    78 ||   136

Table legend: (Time is in decaauts)
 A = Elapsed time spent in this place.
 B = Non-inter-level travel time spent in this place.
 C = Inter-level travel time spent in this place.
 D = Time resting spent in this place.
 E = Time spent auto-exploring this place.
 F = Levels seen in this place.
 G = Mean time per level.
                   A        B        C        D        E       F      G
               +--------+--------+--------+--------+--------+-----+--------+
         Total |   4053 |   3929 |    124 |    203 |   3108 |   4 | 1013.2 |
       Dungeon |   4053 |   3929 |    124 |    203 |   3108 |   4 | 1013.2 |
               +--------+--------+--------+--------+--------+-----+--------+

Top non-repeatable levels by time:
     D:3: 1437 daAuts
     D:4: 1007 daAuts
     D:2: 989 daAuts
     D:1: 618 daAuts
